 Dungeon Crawl Stone Soup version 0.31.0-11-ge490571c62 (webtiles) character file.

Game seed: 6999168102153512106

49 SnakkuSnakku7 the Ducker (level 3, -4/28 HPs)
             Began as a Merfolk Air Elementalist on Jan 31, 2024.
             Killed by divine providence
             ... invoked by an orc priest
              (15 damage)
             ... on level 3 of the Dungeon.
             The game lasted 00:02:18 (1493 turns).

SnakkuSnakku7 the Ducker (Merfolk Air Elementalist) Turns: 1493, Time: 00:02:24

Health: -4/28      AC:  5    Str: 10    XL:     3   Next: 77%
Magic:  6/6        EV: 10    Int: 14    God:
Gold:   42         SH:  0    Dex: 14    Spells: 5/6 levels left

rFire   . .          .
                       - Unarmed
rCold   . . .        (no shield)
rNeg    . . .        p - +0 ring mail
rPois   .            (no helmet)
rElec   .            (no cloak)
rCorr   .            (no gloves)
SInv    .            (no boots)
Will    .....        (no amulet)
Stlth   +            (no ring)
HPRegen 0.24/turn    (no ring)
MPRegen 0.10/turn

%: no passive effects
@: no status effects
A: (nimble swimmer 2), mertail
a: no special abilities


You were on level 3 of the Dungeon.
You visited 1 branch of the dungeon, and saw 3 of its levels.

You collected 42 gold pieces.

Inventory:

Armour
 a - a +0 robe
 p - a +0 ring mail (worn)
Jewellery
 d - a ring of ice
 g - a +6 ring of intelligence
Scrolls
 e - 2 scrolls of identify {unknown}
 i - a scroll of amnesia {unknown}
 j - a scroll of immolation {unknown}
 k - a scroll of enchant weapon {unknown}
 m - a scroll of fear {unknown}
 n - a scroll of brand weapon {unknown}
 o - a scroll of noise {unknown}
Potions
 b - a potion of magic
 c - 3 potions of curing {unknown}
 f - 2 potions of attraction {unknown}
 h - a potion of heal wounds {unknown}
 l - 2 potions of ambrosia {unknown}


   Skills:
 + Level 2.4 Fighting
 - Level 2.6 Dodging
 - Level 2.1 Stealth
 + Level 2.4 Unarmed Combat
 - Level 2.0 Spellcasting
 - Level 0.7 Conjurations
 - Level 2.4 Air Magic


You had 5 spell levels left.
You knew the following spells:

 Your Spells              Type           Power      Damage    Failure   Level
a - Shock                 Conj/Air       20%        1d4       32%         1

Your spell library contained the following spells:

 Spells                   Type           Power      Damage    Failure   Level
 Static Discharge         Conj/Air       10%        3-4/arc   45%         2
 Swiftness                Air            8%         N/A       56%         3
 Airstrike                Air            4%         2d(1-17)  93%         4


Dungeon Overview and Level Annotations

Branches:
Dungeon (3/15)

Altars:

Shops:
D:3 =

Annotations:
D:3 3 runed translucent doors, zenocrate's ghost, amateur VSEn


Innate Abilities, Weirdness & Mutations

((You are very nimble when in or above water. (Stealth+, EV+, Speed+++)))
Your lower body shifts to a powerful aquatic tail in water.


Message History

The orc hits you with a +0 hand axe.
An orc comes into view. It is wielding a +0 hand axe.
You closely miss the orc.
The orc is heavily wounded.
The orc shouts!
You hear a shout!
The orc hits you with a +0 short sword. The orc barely misses you.
You hear a shout!
You closely miss the orc.
The orc is moderately wounded.
The orc hits you with a +0 short sword. The orc closely misses you.
You hit the orc but do no damage.
The orc is moderately wounded.
The orc hits you with a +0 short sword. The orc hits you with a +0 hand axe.
You are too injured to fight recklessly!
You are too injured to fight recklessly!
You are too injured to fight recklessly!
You are too injured to fight recklessly!
You are too injured to fight recklessly!
You are too injured to fight recklessly!
You hit the orc.
The orc is heavily wounded.
The orc barely misses you. The orc hits you with a +0 hand axe.
You hit the orc.
The orc is severely wounded.
An orc wizard comes into view. It is wielding a +0 dagger.
The orc hits you with a +0 short sword. The orc hits you with a +0 hand axe.
The orc wizard shouts!
You hit the orc.
You kill the orc!
The orc hits you but does no damage. The orc hits you but does no damage.
The orc barely misses you.
An orc priest comes into view. It is wielding a +0 dagger.
The orc priest shouts!
You hear a shout!
The orc attacks as it pursues you! The orc closely misses you.
The orc attacks as it pursues you! The orc hits you but does no damage.
The orc priest mumbles some strange prayers to Beogh against you.
Beogh smites you!
Ouch! That really hurt!
You die...

#..#....P....... ..+....
#..#..$...#o.o.....+..#
#.P......P.......$#.. #
#.....P#........#r .
#.##P)###.....?#..#####
#.....).......#........
###....................
####oo...#.#....#....
...###..@)........#...##
............#.#..## #..>
............#.#.## #.
...####.....#...###.# .[
................# .
###.......##.......
#.#.#.#.#..##....
###.#...#....# ###
##...#....#....


You could see an orc priest, an orc wizard and 2 orcs.

Vanquished Creatures
  An adder (D:3)
  2 dart slugs (D:2)
  2 orcs (D:3)
  3 endoplasms
  2 giant cockroaches (D:2)
  3 hobgoblins
  2 quokkas
  2 ball pythons
  2 bats (D:1)
  4 frilled lizards
  3 goblins
  4 kobolds
  4 rats
34 creatures vanquished.

Notes
Turn   | Place    | Note
-------+----------+-------------------------------------------
     0 | D:1      | SnakkuSnakku7 the Merfolk Air Elementalist began the quest
                  | for the Orb.
     0 | D:1      | Reached XP level 1. HP: 13/13 MP: 3/3
   239 | D:1      | Reached skill level 1 in Fighting
   239 | D:1      | Reached skill level 1 in Unarmed Combat
   273 | D:1      | Reached XP level 2. HP: 19/21 MP: 3/5
  1119 | D:2      | Reached XP level 3. HP: 17/27 MP: 6/6
  1382 | D:3      | Found Seq Faod's Jewellery Shoppe.
  1431 | D:3      | Found a runed translucent gate.
  1432 | D:3      | Found a runed translucent gate.
  1432 | D:3      | Noticed zenocrate's ghost (amateur VSEn)
  1433 | D:3      | Found a runed translucent gate.
  1493 | D:3      | Killed from afar by an orc priest

Illustrated notes

Levels and vault maps discovered:
D:1:      matt_arrival_los_fun, layout_loops_corners, st_stairs_6
D:2:      layout_rooms, shapermc_ecumenical_altar_mp_highgroup, kennysheep_boxes
D:3:      cheibrodos_old_hovel, layout_rooms, gammafunk_ghost_split,
          serial_shops, shop

Skill      XL: |  1  2  3 |
---------------+----------+-----
Fighting       | 1 2 |  2.4
Unarmed Combat | 1 2 |  2.4
Dodging        | |  2.6
Stealth        | |  2.1
Spellcasting   | |  2.0
Conjurations   | |  0.7
Air Magic      | |  2.4

Action                     || total
---------------------------++-------
  Melee: Unarmed           ||   170
   Cast: Shock             ||     8
   Stab: Sleeping          ||     5
 Armour: Robe              ||    56
         Ring mail         ||    18
  Dodge: Dodged            ||   109
